Description

This is FoxeR's 1/1/1 safe opening with Ravens for a Timing Attack against Terran (06/02/2026).

This build order allows you to have a defensive force early on, to defend against enemy pressures, while at the same time creating a strong technical army with Ravens and Siege Tanks to prepare for a Timing Attack while expanding to your 3rd CC. The attack should start before the 7:00 minute mark.

Build Order

Get SALT Encoding   

  14  0:17  Supply Depot  Built it at your ramp with you first SCV produced
  16  0:40  Barracks  Build 3 Reapers then Reactor
  16  0:42  Refinery  Saturate it right away
  17  0:52  Refinery  Saturate it right away
  19  1:27  Reaper x3, Orbital Command  Build 3 Reapers, you can send them to scout for Proxies, After finish continuously build SCVs and drop MULEs
  20  1:30  Supply Depot  Finish your wall
  20  1:40  Factory  Remove 1 SCV from each Refinery, 1 will build your Factory the other will go gather Minerals
  23  2:16  Command Center  Saturate your Refineries again. Turn it into Orbital Command right away
  24  2:25  Hellion x2  Build 2 Hellions to join your Reapers
  28  2:40  Supply Depot  Built it in a place to spot for potential Medivac drops
  31  2:56  Starport  Build a Tech Lab right away
  32  3:05  Barracks Reactor  Start Marine production
  32  3:10  Factory Tech Lab  Build 1 Cyclone then start your Siege Tank production
  34  3:30  Orbital Command  After finish continuously build SCVs and drop MULEs
  34  3:35  Cyclone, Starport Tech Lab  Join your Scouting Party, Build 3 Ravens
  37  3:36  Refinery  Saturate it right away
  41  3:55  Raven x3, Interference Matrix  After building the Ravens, lift it to build a Reactor, Required research to deal against enemy Siege Tanks
  44  3:59  Supply Depot  
  48  4:12  Siege Tank  Start Siege Tank production (non stop), your first Siege Tank should siege right next to your Main
  52  4:18  Supply Depot x4  
  74  5:16  Command Center  Turn it into Orbital Command right away
  78  5:28  Supply Depot  
  83  5:44  Barracks x2  Build 1 of the Barracks in the Reactor previously built by your initial Barracks
  83  5:48  Supply Depot  
  87  5:53  Starport Reactor  Swap your first Barracks to the Tech Lab in order to research Stimpack
  88  6:01  Engineering Bay x2  Research +1 Weapons and +1 Armor right away
  89  6:06  Stimpack  Research Combat Shilds after Stimpack is finished
  91  6:15  Supply Depot  
  91  6:16  Refinery  Saturate it right away
  92  6:28  Orbital Command  When finished, lift it to your 3rd Mineral Line
  92  6:29  Terran Infantry Weapons Level 1, Terran Infantry Armor Level 1  
  93  6:36  Starport Reactor  Lift your Starport and build another Reactor. Put 1 of your finish Barracks into the Reactor just made by the Starport. Start Medivac production.
  98  6:42  Supply Depot  
  104  6:51  Barracks x2  Build Reactors when finished
  105  6:59  Sensor Tower  Built it on your 3rd Base
  113  7:23  Supply Depot  
  122  7:40  Medivac x2  Start Medivac production
  126  7:42  Armory  When finished start +2 Weapons and +2 Amor, as well as +1 Vehicle Weapons
  127  7:45  Supply Depot  
  128  7:50  Barracks Reactor x2  
Spawning Tool Build Advisor. Get it on Overwolf

Analysis

Your initial force should consist of 3 Reaper and 2 Hellions. Scout early on for possible Proxies.

You should have 1 Cyclone to defend your Main against Medivac drops.

Your army should consist of 3 Ravens, at least 4 Siege Tanks, and Marines. You should always build Siege Tanks (non stop), after your initial Cyclone.

Between 6:00-6:30 start moving out with your army and attack your opponent while lifting your 3rd CC to the 3rd Base location. Attack your opponent in the front, have your Ravens on a different Control Group from the rest of your army and use them to disable enemy Siege Tanks and drop Auto-Turrets. Save scans to scan ahead in order to advance safely.

Go to:

Details

  • Created by: toxicSAM
  • Published on: Feb 13, 2026
  • Modified on: Feb 13, 2026
  • Patch: 5.0.11
  • Difficulty: Medium
Show
View Real Time Build Order
Export as new Build Order

Comments (0)

There are no comments. Be the first!

Create an account to comment!